[Event "POL-chT 2nd League Juniors 2020"]
[Site "Sypniewo"]
[Date "2020.10.27"]
[Round "6.2"]
[White "Zniszczol, Wiktoria"]
[Black "Szuber, Dawid"]
[Result "0-1"]
[ECO "B23"]
[WhiteElo "1620"]
[BlackElo "1496"]
[Annotator "NA RC"]
[PlyCount "88"]
[EventDate "2020.10.23"]
[EventType "team-tourn"]
[EventCountry "POL"]
[SourceTitle "playchess.com"]
[Source "ChessBase"]
[SourceQuality "1"]
[TimeControl "5400+30"]

1. e4 c5 2. Nc3 e6 3. f4 a6 4. g3 d5 5. d3 Nc6 6. Bg2 Nf6 7. Nh3 Be7 8. O-O O-O 9. Nf2 b5 10. Bd2 Bb7 11. g4 d4 12. Ne2 e5 13. f5 Nd7 14. Nh3 f6 15. Rf3 c4 16. a3 Nc5 17. Nc1 Na4 18. b3 Nb2 19. Qe1 c3 20. Bxc3 dxc3 21. Kh1 b4 22. a4 Nd4 23. Rf2 Bc5 24. Bf1 Rc8 25. Rg2 Qe7 26. Qg3 Bd6 27. Ng1 Kh8 28. Nf3 g6 29. Nxd4 exd4 30. Qf3 Qe5 31. Ne2 gxf5 32. gxf5 Rg8 33. Rf2 Rg5 34. Bh3 Rcg8 35. Rg1 Bc6 36. Rgf1 Nxa4 37. bxa4 Bxa4 38. Nc1 a5 39. Nb3 Bc6 40. Re1 a4 41. Nc1 Rb8 42. Bg4 b3 43. cxb3 axb3 44. Nxb3 Rxb3 0-1

[Event "POL-chT 2nd League Juniors 2020"]
[Site "Sypniewo"]
[Date "2020.10.27"]
[Round "6.3"]
[White "Bochenek, Ryszard"]
[Black "Karut, Kacper"]
[Result "0-1"]
[ECO "B20"]
[WhiteElo "1445"]
[BlackElo "1657"]
[Annotator "NA RC"]
[PlyCount "58"]
[EventDate "2020.10.23"]
[EventType "team-tourn"]
[EventCountry "POL"]
[SourceTitle "playchess.com"]
[Source "ChessBase"]
[SourceQuality "1"]
[TimeControl "5400+30"]

1. e4 c5 2. b3 g6 3. Bb2 Nf6 4. Nc3 Bg7 5. e5 Nh5 6. Ne4 Qc7 7. Nf3 Nc6 8. Nxc5 Nxe5 9. d4 Nxf3+ 10. Qxf3 O-O 11. O-O-O Nf6 12. Re1 d6 13. Nd3 Bf5 14. Qe2 Rac8 15. Kb1 Ne4 16. c4 Nf6 17. f3 Qa5 18. Qd1 Rfe8 19. g4 Bxd3+ 20. Bxd3 e5 21. d5 a6 22. h4 b5 23. h5 bxc4 24. bxc4 Rb8 25. hxg6 hxg6 26. Ka1 Rxb2 27. Kxb2 Rb8+ 28. Kc2 Qxa2+ 29. Kc3 Qb2# 0-1

[Event "POL-chT 2nd League Juniors 2020"]
[Site "Sypniewo"]
[Date "2020.10.27"]
[Round "6.3"]
[White "Jendrowiak, Maciej"]
[Black "Wieckowski, Michal"]
[Result "1/2-1/2"]
[ECO "A81"]
[WhiteElo "1382"]
[BlackElo "1494"]
[Annotator "NA RC"]
[PlyCount "64"]
[EventDate "2020.10.23"]
[EventType "team-tourn"]
[EventCountry "POL"]
[SourceTitle "playchess.com"]
[Source "ChessBase"]
[SourceQuality "1"]
[TimeControl "5400+30"]

1. d4 f5 2. g3 g6 3. Bg2 Bg7 4. Nf3 Nf6 5. O-O O-O 6. Nbd2 d6 7. Re1 Qe8 8. e4 fxe4 9. Nxe4 Nxe4 10. Rxe4 Bf5 11. Rh4 Nc6 12. c3 Nd8 13. Be3 c6 14. d5 c5 15. Qd2 Nf7 16. Ng5 Nxg5 17. Bxg5 Bf6 18. Re1 Qf7 19. Bxf6 exf6 20. Be4 Bd7 21. Rf4 Rae8 22. c4 Re5 23. Bc2 Qe7 24. Rfe4 Bf5 25. Rxe5 fxe5 26. f4 Bxc2 27. Qxc2 Qf6 28. Rf1 Re8 29. Qe4 Qf5 30. Re1 Qf6 31. Rf1 Qf5 32. Qxf5 gxf5 1/2-1/2

[Event "POL-chT 2nd League Juniors 2020"]
[Site "Sypniewo"]
[Date "2020.10.27"]
[Round "6.4"]
[White "Leszczewicz, Karol"]
[Black "Rzepka, Marcin"]
[Result "1-0"]
[ECO "A41"]
[WhiteElo "1267"]
[BlackElo "1294"]
[Annotator "NA"]
[PlyCount "135"]
[EventDate "2020.10.23"]
[EventType "team-tourn"]
[EventCountry "POL"]
[SourceTitle "playchess.com"]
[Source "ChessBase"]
[SourceQuality "1"]
[TimeControl "5400+30"]

1. d4 d6 2. Nf3 f5 3. c4 Nf6 4. Nc3 g6 5. Bg5 Bg7 6. Bxf6 Bxf6 7. e4 O-O 8. Be2 Nc6 9. O-O e6 10. Re1 a6 11. Bf1 Bg7 12. exf5 Rxf5 13. Qd2 Qf8 14. d5 Ne5 15. Nxe5 Bxe5 16. dxe6 Bxe6 17. Ne4 Bf4 18. Qc3 Bd7 19. h3 Be5 20. Qd2 Bc6 21. Ng3 Rf7 22. c5 Qg7 23. Bc4 d5 24. Bxd5 Bxd5 25. Qxd5 Bxb2 26. Rab1 c6 27. Qb3 Bd4 28. Re2 Bxc5 29. Rbe1 Raf8 30. Ne4 Be7 31. Qxb7 a5 32. Qxc6 Bb4 33. Rd1 Kh8 34. Rf1 Kg8 35. Ng5 Qf6 36. Qd5 Qf5 37. Re5 Qd7 38. Qb3 Qb7 39. Nxf7 Qxf7 40. Qxf7+ Rxf7 41. a3 Bxa3 42. Rxa5 Bf8 43. Rfa1 Bb4 44. Ra8+ Bf8 45. R1a7 Rf5 46. Rd7 Rb5 47. Rc8 Rb1+ 48. Kh2 Rb2 49. f3 Rb6 50. f4 Rf6 51. Kg3 Ra6 52. Rdd8 Rf6 53. Rd7 Ra6 54. Rcc7 h6 55. Rc8 Rb6 56. Rdd8 Rf6 57. Kg4 Kg7 58. Rxf8 Rxf8 59. Rxf8 Kxf8 60. f5 Kf7 61. fxg6+ Kxg6 62. h4 h5+ 63. Kf4 Kf6 64. g3 Kg6 65. Ke5 Kg7 66. Kf5 Kh6 67. Kf6 Kh7 68. Kg5 1-0

[Event "POL-chT 2nd League Juniors 2020"]
[Site "Sypniewo"]
[Date "2020.10.27"]
[Round "6.4"]
[White "Pycinski, Wladyslaw"]
[Black "Suszczynski, Dominik"]
[Result "1/2-1/2"]
[ECO "D02"]
[WhiteElo "1149"]
[BlackElo "1241"]
[Annotator "NA RC"]
[PlyCount "85"]
[EventDate "2020.10.23"]
[EventType "team-tourn"]
[EventCountry "POL"]
[SourceTitle "playchess.com"]
[Source "ChessBase"]
[SourceQuality "1"]
[TimeControl "5400+30"]

1. d4 d5 2. Nf3 Nf6 3. g3 Bf5 4. Bg2 e6 5. O-O h6 6. c4 c6 7. Nbd2 Be7 8. b3 O-O 9. Bb2 Nbd7 10. Re1 Bh7 11. a3 Ne4 12. Nxe4 Bxe4 13. Nd2 Bxg2 14. Kxg2 Nf6 15. e4 dxe4 16. Nxe4 Re8 17. Qc2 Qc7 18. Rad1 Rad8 19. Nd2 c5 20. Nf3 cxd4 21. Nxd4 a6 22. Qe2 Rd7 23. Nf3 Red8 24. Ne5 Rxd1 25. Rxd1 Rxd1 26. Qxd1 Bxa3 27. Ba1 Bd6 28. Nd3 Nd7 29. Qg4 Ne5 30. Qd4 f6 31. c5 Qc6+ 32. Kh3 Nf3 33. Qxd6 Ng5+ 34. Kh4 Qe4+ 35. Nf4 Nf3+ 36. Kh3 Ng1+ 37. Kh4 Nf3+ 38. Kh3 Ng1+ 39. Kh4 Nf3+ 40. Kh3 Ng5+ 41. Kh4 e5 42. Qd8+ Kh7 43. Qd3 1/2-1/2

[Event "POL-chT 2nd League Juniors 2020"]
[Site "Sypniewo"]
[Date "2020.10.27"]
[Round "6.5"]
[White "Seemann, Pola"]
[Black "Tarka, Aleksandra"]
[Result "1-0"]
[ECO "B36"]
[WhiteElo "1566"]
[BlackElo "1676"]
[Annotator "NA RC"]
[PlyCount "103"]
[EventDate "2020.10.23"]
[EventType "team-tourn"]
[EventCountry "POL"]
[SourceTitle "playchess.com"]
[Source "ChessBase"]
[SourceQuality "1"]
[TimeControl "5400+30"]

1. e4 c5 2. Nf3 Nc6 3. d4 cxd4 4. Nxd4 g6 5. c4 Nf6 6. Nc3 Nxd4 7. Qxd4 d6 8. f3 Bg7 9. Be3 O-O 10. Qd2 Be6 11. Be2 a5 12. O-O a4 13. Rac1 Qa5 14. Kh1 Nd7 15. Bh6 Rfc8 16. Bxg7 Kxg7 17. Qd4+ Qe5 18. Rfd1 Qxd4 19. Rxd4 Ne5 20. f4 Nc6 21. Rdd1 f5 22. exf5 Bxf5 23. Nd5 Ra5 24. Bd3 Bxd3 25. Rxd3 Rca8 26. Re1 Kf7 27. Rde3 Re8 28. g4 Rc5 29. b3 a3 30. Rh3 Kg7 31. Nc7 Rb8 32. Ne6+ Kg8 33. Nxc5 dxc5 34. Rd3 Kf8 35. Rd5 b6 36. f5 Rd8 37. Rxd8+ Nxd8 38. fxg6 hxg6 39. h4 e6 40. h5 gxh5 41. gxh5 Kg7 42. Re2 Kh6 43. Rh2 Nf7 44. Kg2 Ng5 45. Kg3 Ne4+ 46. Kf4 Nf6 47. Rh3 Nd7 48. Rh1 Nf6 49. Ke5 Nxh5 50. Kxe6 Kg5 51. Rxh5+ Kxh5 52. Kd6 1-0

[Event "POL-chT 2nd League Juniors 2020"]
[Site "Sypniewo"]
[Date "2020.10.27"]
[Round "6.5"]
[White "Wasala, Wiktoria"]
[Black "Kudlak, Julia"]
[Result "1/2-1/2"]
[ECO "C47"]
[WhiteElo "1458"]
[BlackElo "1574"]
[Annotator "NA RC"]
[PlyCount "71"]
[EventDate "2020.10.23"]
[EventType "team-tourn"]
[EventCountry "POL"]
[SourceTitle "playchess.com"]
[Source "ChessBase"]
[SourceQuality "1"]
[TimeControl "5400+30"]

1. e4 e5 2. Nf3 Nc6 3. Nc3 Nf6 4. d4 exd4 5. Nxd4 Bb4 6. Nxc6 bxc6 7. Bd3 O-O 8. O-O d5 9. exd5 cxd5 10. Bg5 Be6 11. Bxf6 Qxf6 12. Nb5 Ba5 13. c3 Bb6 14. Nd4 Bd7 15. Qh5 g6 16. Qxd5 Rad8 17. Qf3 Bxd4 18. cxd4 Qxd4 19. b3 Be6 20. Be4 a5 21. h3 a4 22. Rfd1 Qb4 23. Bd5 Bxd5 24. Rxd5 axb3 25. axb3 Rb8 26. Rd7 c5 27. Raa7 Qe1+ 28. Kh2 Qe5+ 29. g3 Qe6 30. Qd5 Qf6 31. Qxc5 Rxb3 32. Qd4 Qf3 33. Rd8 Rxd8 34. Qxd8+ Kg7 35. Qd4+ Qf6 36. Qxf6+ 1/2-1/2

[Event "POL-chT 2nd League Juniors 2020"]
[Site "Sypniewo"]
[Date "2020.10.27"]
[Round "6.6"]
[White "Pastuszko, Katarzyna"]
[Black "Gaszka, Zuzanna"]
[Result "1-0"]
[ECO "C55"]
[WhiteElo "1251"]
[BlackElo "1417"]
[Annotator "NA RC"]
[PlyCount "97"]
[EventDate "2020.10.23"]
[EventType "team-tourn"]
[EventCountry "POL"]
[SourceTitle "playchess.com"]
[Source "ChessBase"]
[SourceQuality "1"]
[TimeControl "5400+30"]

1. e4 e5 2. Nf3 Nc6 3. Bc4 Nf6 4. d3 h6 5. O-O d6 6. Re1 g6 7. c3 Bg7 8. a4 a5 9. Nbd2 O-O 10. Nf1 d5 11. exd5 Nxd5 12. Qb3 Nb6 13. Bd2 Nxc4 14. dxc4 Ra6 15. Be3 e4 16. Rad1 Qe7 17. Nd4 Ne5 18. Nd2 Nd3 19. Re2 f5 20. f3 f4 21. Nxe4 Ne5 22. c5+ Kh8 23. Bf2 Bf5 24. Qxb7 Raa8 25. Qb3 Rab8 26. Qc2 Qf7 27. b3 Rfd8 28. Qd2 g5 29. b4 Nc4 30. Qa2 axb4 31. Nd2 b3 32. N2xb3 Ne3 33. Bxe3 fxe3 34. Rde1 Bd3 35. Rb2 Bxd4 36. Nxd4 Bc4 37. Qb1 Ra8 38. Rb4 Re8 39. Qf5 Qxf5 40. Nxf5 Ba6 41. Rxe3 Rxe3 42. Nxe3 Re8 43. Kf2 Rd8 44. Rd4 Rb8 45. Rd7 Rb2+ 46. Kg3 Bc8 47. Rd8+ Kg7 48. Rxc8 Ra2 49. Rxc7+ 1-0

[Event "POL-chT 2nd League Juniors 2020"]
[Site "Sypniewo"]
[Date "2020.10.27"]
[Round "6.8"]
[White "Niemier, Hubert"]
[Black "Wojtasik, Szymon"]
[Result "1-0"]
[ECO "D00"]
[WhiteElo "1771"]
[BlackElo "1380"]
[Annotator "NA RC"]
[PlyCount "73"]
[EventDate "2020.10.23"]
[EventType "team-tourn"]
[EventCountry "POL"]
[SourceTitle "playchess.com"]
[Source "ChessBase"]
[SourceQuality "1"]
[TimeControl "5400+30"]

1. d4 d5 2. Bg5 c6 3. e3 Qb6 4. b3 Bf5 5. Bd3 Bg6 6. Nf3 Nd7 7. O-O e6 8. Qe2 Ngf6 9. c4 a6 10. Nc3 Bb4 11. Na4 Qd8 12. Ne5 Be7 13. Bxf6 Nxf6 14. c5 O-O 15. Nb6 Ra7 16. b4 Qc7 17. a4 a5 18. f4 Ne4 19. Nxg6 hxg6 20. Bxe4 dxe4 21. Qc2 f5 22. Qc4 Kf7 23. b5 Rb8 24. Qc3 Bf6 25. Nc4 Qd7 26. b6 Ra6 27. Nxa5 Rba8 28. Nc4 Rxa4 29. Rxa4 Rxa4 30. Nd6+ Kf8 31. Ra1 Rxa1+ 32. Qxa1 g5 33. Qa8+ Bd8 34. Nxb7 Ke7 35. Qxd8+ Qxd8 36. Nxd8 Kxd8 37. fxg5 1-0

[Event "POL-chT 2nd League Juniors 2020"]
[Site "Sypniewo"]
[Date "2020.10.27"]
[Round "6.9"]
[White "Duda, Szymon"]
[Black "Trzebinski, Patryk"]
[Result "1/2-1/2"]
[ECO "A05"]
[WhiteElo "1529"]
[BlackElo "1837"]
[Annotator "NA RC"]
[PlyCount "61"]
[EventDate "2020.10.23"]
[EventType "team-tourn"]
[EventCountry "POL"]
[SourceTitle "playchess.com"]
[Source "ChessBase"]
[SourceQuality "1"]
[TimeControl "5400+30"]

1. Nf3 Nf6 2. d4 c5 3. c3 d5 4. Bf4 Nc6 5. e3 cxd4 6. cxd4 {[%emt 0:01:24] D02: 1 d4 d5 2 Nf3 sidelines, including 2...Nf6 3 g3 and 2...Nf6 3 Bf4.} Bf5 7. a3 e6 8. Bd3 Ne4 9. Nc3 {[%emt 0:01:10] [#]} Bd6 $146 ({Predecessor:} 9... f6 10. O-O Bd6 11. Bxd6 Qxd6 12. Bxe4 Bxe4 13. Nxe4 dxe4 14. Nd2 e5 15. Nxe4 Qd8 16. dxe5 fxe5 17. Qxd8+ Rxd8 {1-0 (55) Tulienina,K-Bienko,J Maribor 2012}) 10. Bxd6 Qxd6 11. Qb1 Nxc3 12. bxc3 Bxd3 13. Qxd3 O-O 14. c4 e5 15. dxe5 Nxe5 16. Qxd5 Nxf3+ 17. Qxf3 Qd3 18. Rc1 Rfd8 19. Qe2 Qxa3 20. O-O Rac8 21. Ra1 Qc5 22. Rfb1 Rd7 23. g3 a6 24. Ra2 Qxc4 (24... Rcc7 $11) 25. Qxc4 Rxc4 26. Rxa6 Kf8 27. Ra7 Rcc7 28. Kf1 Ke7 29. Ke2 Kd6 30. Ra2 Rc5 31. Rab2 $14 1/2-1/2

[Event "POL-chT 2nd League Juniors 2020"]
[Site "Sypniewo"]
[Date "2020.10.27"]
[Round "6.9"]
[White "Doroba, Ludwik"]
[Black "Skrzypinski, Jan"]
[Result "0-1"]
[ECO "E73"]
[WhiteElo "1330"]
[BlackElo "1418"]
[Annotator "NA RC"]
[PlyCount "76"]
[EventDate "2020.10.23"]
[EventType "team-tourn"]
[EventCountry "POL"]
[SourceTitle "playchess.com"]
[Source "ChessBase"]
[SourceQuality "1"]
[TimeControl "5400+30"]

1. d4 Nf6 2. c4 g6 3. Nc3 Bg7 4. e4 d6 5. Be2 Nbd7 6. Bg5 O-O 7. g4 c5 8. d5 Qa5 9. Bd2 Qb6 10. Qb3 Qxb3 11. axb3 Ne5 12. h3 Ne8 13. f4 Nd7 14. Nf3 a6 15. O-O-O Rb8 16. Kc2 Nc7 17. Rh2 b5 18. Rdh1 bxc4 19. bxc4 Nb6 20. g5 Bd7 21. h4 Bg4 22. b3 Rb7 23. Ne1 Bxe2 24. Nxe2 Rfb8 25. h5 Nd7 26. hxg6 hxg6 27. Bc3 Bxc3 28. Nxc3 Nf8 29. f5 Kg7 30. Nd3 Rxb3 31. Rf2 Ne8 32. Nb5 Rxd3 33. Kxd3 axb5 34. cxb5 Rxb5 35. f6+ exf6 36. gxf6+ Nxf6 37. Rhf1 N8d7 38. Kc2 Rb4 0-1

[Event "POL-chT 2nd League Juniors 2020"]
[Site "Sypniewo"]
[Date "2020.10.27"]
[Round "6.10"]
[White "Malinowski, Szymon"]
[Black "Lapczynski, Jacek"]
[Result "1/2-1/2"]
[ECO "D02"]
[WhiteElo "1740"]
[BlackElo "1212"]
[Annotator "NA RC"]
[PlyCount "69"]
[EventDate "2020.10.23"]
[EventType "team-tourn"]
[EventCountry "POL"]
[SourceTitle "playchess.com"]
[Source "ChessBase"]
[SourceQuality "1"]
[TimeControl "5400+30"]

1. d4 d5 2. Nf3 Nf6 3. Bf4 Nbd7 4. e3 e6 5. Bd3 c5 6. c3 Be7 7. O-O O-O 8. Nbd2 b6 9. a3 a5 10. Ne5 Nxe5 11. Bxe5 Ba6 12. Bxa6 Rxa6 13. Nf3 Ra8 14. Qe2 c4 15. a4 Bd6 16. Bxf6 Qxf6 17. e4 Qd8 18. e5 Be7 19. Nd2 Qd7 20. f4 Rfb8 21. f5 exf5 22. Qf3 g6 23. Rf2 b5 24. axb5 Rxb5 25. Nxc4 Qc6 26. Ne3 Bg5 27. Qg3 Bxe3 28. Qxe3 Qb6 29. Ra2 Re8 30. g4 fxg4 31. Qf4 Qe6 32. Ra1 Reb8 33. Ra2 Re8 34. Ra1 Reb8 35. Ra2 1/2-1/2

[Event "POL-chT 2nd League Juniors 2020"]
[Site "Sypniewo"]
[Date "2020.10.27"]
[Round "6.10"]
[White "Kaczmarek, Jan"]
[Black "Rumniak, Aleksy"]
[Result "0-1"]
[ECO "E85"]
[WhiteElo "1229"]
[BlackElo "1117"]
[Annotator "NA RC"]
[PlyCount "103"]
[EventDate "2020.10.23"]
[EventType "team-tourn"]
[EventCountry "POL"]
[SourceTitle "playchess.com"]
[Source "ChessBase"]
[SourceQuality "1"]
[TimeControl "5400+30"]

1. d4 Nf6 2. c4 g6 3. Nc3 Bg7 4. e4 d6 5. f3 O-O 6. Be3 e5 7. Nge2 Nc6 8. d5 Ne7 9. Nc1 Ne8 10. b4 f5 11. Nd3 f4 12. Bf2 g5 13. c5 h5 14. a4 Rf7 15. Nb5 a6 16. Na3 g4 17. Rb1 Ng6 18. a5 Bf6 19. Kd2 Bh4 20. Be2 Bxf2 21. Nxf2 g3 22. hxg3 fxg3 23. Nd3 Qg5+ 24. Kc2 h4 25. Qd2 Qf6 26. Nc4 Bd7 27. cxd6 Nxd6 28. Nxd6 cxd6 29. Kb3 Rc8 30. Rbc1 Rff8 31. Rxc8 Rxc8 32. Rf1 Nf4 33. Nxf4 exf4 34. Qb2 Ba4+ 35. Ka3 Qxb2+ 36. Kxb2 Rc2+ 37. Ka3 Rxe2 38. Kxa4 Rxg2 39. Rh1 Rh2 40. Rg1 h3 41. e5 Kf7 42. Re1 Rd2 43. e6+ Ke7 44. b5 Ra2+ 45. Kb3 Rxa5 46. bxa6 bxa6 47. Re4 Rxd5 48. Ka2 h2 49. Re2 h1=Q 50. Rb2 Ra5+ 51. Kb3 Rb5+ 52. Ka2 0-1

[Event "POL-chT 2nd League Juniors 2020"]
[Site "Sypniewo"]
[Date "2020.10.27"]
[Round "6.11"]
[White "Matyjasek, Michalina"]
[Black "Niemier, Martyna"]
[Result "1-0"]
[ECO "D37"]
[WhiteElo "1477"]
[BlackElo "1235"]
[Annotator "NA RC"]
[PlyCount "95"]
[EventDate "2020.10.23"]
[EventType "team-tourn"]
[EventCountry "POL"]
[SourceTitle "playchess.com"]
[Source "ChessBase"]
[SourceQuality "1"]
[TimeControl "5400+30"]

1. d4 d5 2. c4 e6 3. Nc3 Nf6 4. Nf3 Be7 5. e3 O-O 6. b3 c5 7. Bd3 cxd4 8. exd4 Nc6 9. O-O a6 10. h3 b6 11. Be3 Bb7 12. Qe2 Rc8 13. Rfd1 h6 14. Na4 Nb4 15. c5 Nxd3 16. Qxd3 bxc5 17. dxc5 Qa5 18. Bd2 Qb5 19. Be3 Ne4 20. Rac1 Rc7 21. Bf4 Rcc8 22. Be3 Rc7 23. Qb1 Nxc5 24. Nxc5 Bxc5 25. a4 Qb6 26. Rxc5 Rxc5 27. b4 f6 28. Bxc5 Qc6 29. Bxf8 Kxf8 30. Nd4 Qb6 31. a5 Qd6 32. b5 e5 33. Nf5 Qe6 34. Qb4+ Kf7 35. Nd6+ Kg8 36. Nxb7 axb5 37. Qxb5 d4 38. a6 e4 39. Rxd4 e3 40. Qc4 Qxc4 41. Rxc4 e2 42. Rc1 f5 43. f3 g5 44. Kf2 h5 45. Rc7 g4 46. a7 g3+ 47. Kxe2 f4 48. a8=R# 1-0

[Event "POL-chT 2nd League Juniors 2020"]
[Site "Sypniewo"]
[Date "2020.10.27"]
[Round "6.12"]
[White "Konkol, Sandra"]
[Black "Slusarczyk, Anna"]
[Result "0-1"]
[ECO "B23"]
[WhiteElo "1235"]
[BlackElo "1330"]
[Annotator "NA RC"]
[PlyCount "54"]
[EventDate "2020.10.23"]
[EventType "team-tourn"]
[EventCountry "POL"]
[SourceTitle "playchess.com"]
[Source "ChessBase"]
[SourceQuality "1"]
[TimeControl "5400+30"]

1. e4 c5 2. Nc3 e6 3. g3 Nc6 4. Bg2 Nf6 5. d3 d6 6. Nge2 Be7 7. O-O O-O 8. f4 a6 9. h3 Qc7 10. g4 b5 11. g5 Nd7 12. h4 Nb6 13. Be3 b4 14. Nb1 d5 15. exd5 Nxd5 16. Bxd5 exd5 17. Ng3 Bh3 18. Rf2 Rfe8 19. Qf3 d4 20. Bd2 Bc8 21. f5 Bb7 22. f6 Ne5 23. Qh5 Nxd3 24. Nf5 Nxf2 25. Nxe7+ Rxe7 26. fxe7 Qg3+ 27. Kf1 Bf3 0-1

[Event "POL-chT 2nd League Juniors 2020"]
[Site "Sypniewo"]
[Date "2020.10.27"]
[Round "6.14"]
[White "Topola, Rafal"]
[Black "Bialik, Nikodem"]
[Result "1/2-1/2"]
[ECO "D35"]
[WhiteElo "1827"]
[BlackElo "1547"]
[Annotator "NA RC"]
[PlyCount "88"]
[EventDate "2020.10.23"]
[EventType "team-tourn"]
[EventCountry "POL"]
[SourceTitle "playchess.com"]
[Source "ChessBase"]
[SourceQuality "1"]
[TimeControl "5400+30"]

1. d4 d5 2. c4 e6 3. Nc3 Nf6 4. cxd5 exd5 5. Bg5 Nbd7 6. e3 Be7 7. Nf3 c6 8. Bd3 O-O 9. O-O Re8 10. Qc2 Nf8 11. Rab1 Bg4 12. b4 {[%emt 0:06:48] D36: Queen's Gambit Declined: Exchange Variation: Main line (5 Bg5 c6 6 Qc2).} a6 13. Na4 Ne4 14. Bxe7 Qxe7 15. Ne5 Bh5 16. Bxe4 dxe4 17. Nc5 f6 18. Nc4 Bf7 {[%emt 0:03:34] [#]} 19. Rfc1 $146 ({Predecessor:} 19. a4 Rab8 20. Rfc1 Ng6 21. b5 axb5 22. axb5 Bd5 23. Nb6 Qf7 24. bxc6 bxc6 25. Na6 {½-½ (49) Kottnauer,C-Szapiel,H Szczawno Zdroj 1950}) 19... Ng6 20. a4 f5 21. Nb6 Ra7 22. Nb3 Qg5 23. Kh1 ({Reject} 23. g3 f4 $11) 23... f4 24. Qc5 Qg4 $16 (24... Qh4 $1 $14) 25. h3 Qh4 26. Kg1 fxe3 27. fxe3 Qg3 28. Qc2 Qxe3+ 29. Qf2 Qxf2+ 30. Kxf2 Nf4 31. Nc5 Nd3+ 32. Nxd3 exd3 33. a5 Re2+ 34. Kf3 Bg6 35. Re1 Ra2 36. Ra1 Rb2 37. Reb1 Re2 38. Re1 Rb2 39. Reb1 Rc2 40. Rc1 Rb2 41. Rcb1 Rc2 42. Rc1 Rb2 43. Re1 d2 44. Red1 Ra2 1/2-1/2

[Event "POL-chT 2nd League Juniors 2020"]
[Site "Sypniewo"]
[Date "2020.10.27"]
[Round "6.15"]
[White "Cieply, Krzysztof"]
[Black "Nowak, Filip"]
[Result "1-0"]
[ECO "B40"]
[WhiteElo "1573"]
[BlackElo "1871"]
[Annotator "NA RC"]
[PlyCount "101"]
[EventDate "2020.10.23"]
[EventType "team-tourn"]
[EventCountry "POL"]
[SourceTitle "playchess.com"]
[Source "ChessBase"]
[SourceQuality "1"]
[TimeControl "5400+30"]

1. e4 c5 2. Nf3 e6 3. d4 cxd4 4. Nxd4 Nf6 5. Bd3 Nc6 6. Nxc6 dxc6 7. Bf4 {[%emt 0:01:02] B40: Sicilian: 2...e6, Unusual lines.} Qa5+ 8. Qd2 Bb4 9. c3 Be7 {[%emt 0:00:10] [#]} 10. O-O $146 ({Predecessor:} 10. b4 Qh5 11. O-O e5 12. Bg3 O-O 13. Qe3 a5 14. b5 cxb5 15. Bxb5 Be6 16. Be2 {0-1 (45) Bystricky,K (1807)-Oleynik,V (2314) ICCF email 2011}) 10... e5 11. Bg3 O-O 12. Qc2 Nh5 13. Nd2 Nxg3 14. hxg3 Be6 15. Nc4 Qc7 16. Ne3 Bc5 17. Qe2 b5 18. b3 Rae8 (18... a5 $17) 19. Rad1 (19. b4 $15 Bxe3 20. Qxe3) 19... Kh8 20. Rd2 g6 21. c4 ({White should try} 21. b4 $15 Be7 22. c4) 21... b4 22. Rfd1 f5 (22... Qe7 $17 23. Qe1 Bd4) 23. exf5 gxf5 24. Nf1 (24. Qh5 $142 e4 25. Bc2) 24... Bc8 25. Bc2 e4 26. Qh5 Qe7 27. Ne3 a5 28. Qh6 $15 f4 29. gxf4 Rg8 30. Qh2 Rg7 31. Re1 Reg8 32. g3 Rf8 33. Ng2 Bf5 34. Rde2 e3 35. Nxe3 Bxe3 36. Rxe3 Qf6 37. Bxf5 Qxf5 38. Qh4 Qg6 39. Re6 Qc2 40. Re8 Qf5 41. Qd8 Rgf7 42. Rxf8+ Rxf8 43. Qd4+ Kg8 44. Qe5 Qc2 45. Qxa5 Qd2 46. Qg5+ Kh8 47. Qe5+ Kg8 48. Qe2 Qc3 49. Qe6+ Kh8 50. Qe5+ Qxe5 51. fxe5 1-0

[Event "POL-chT 2nd League Juniors 2020"]
[Site "Sypniewo"]
[Date "2020.10.27"]
[Round "6.16"]
[White "Zimny, Jakub"]
[Black "Wojs, Alicja"]
[Result "1/2-1/2"]
[ECO "C03"]
[WhiteElo "1569"]
[BlackElo "1392"]
[Annotator "NA RC"]
[PlyCount "117"]
[EventDate "2020.10.23"]
[EventType "team-tourn"]
[EventCountry "POL"]
[SourceTitle "playchess.com"]
[Source "ChessBase"]
[SourceQuality "1"]
[TimeControl "5400+30"]

1. e4 e6 2. d4 d5 3. Nd2 a6 4. Ngf3 c5 5. dxc5 Bxc5 6. Bd3 Nc6 7. O-O Nf6 8. exd5 exd5 9. Nb3 Be7 10. h3 h6 11. c3 O-O 12. Bf4 Re8 13. Qc2 Bd7 14. Nfd4 Qb6 15. Bf5 Bxf5 16. Nxf5 Bc5 17. Nxc5 Qxc5 18. Be3 Qa5 19. Rfd1 Rad8 20. Bd4 Nxd4 21. Rxd4 Qc7 22. Rad1 Re4 23. R4d3 Rde8 24. Ne3 R4e5 25. g3 Rd8 26. Qa4 Qc8 27. Kh2 h5 28. Qf4 Qe6 29. Qf3 Qc6 30. c4 h4 31. cxd5 hxg3+ 32. Qxg3 Qe8 33. Ng4 Nxg4+ 34. hxg4 Re2 35. Re3 Rxe3 36. Qxe3 Qb5 37. Qd4 Qa5 38. a3 Qc7+ 39. d6 Qc2 40. d7 Qh7+ 41. Kg1 Qg6 42. f3 Qc6 43. Kg2 Qc2+ 44. Kg3 Qc7+ 45. Qd6 Qxd6+ 46. Rxd6 Kf8 47. Kf4 Ke7 48. Rd4 Rxd7 49. Rxd7+ Kxd7 50. Kf5 Kd6 51. f4 Kd5 52. g5 Kd4 53. g6 fxg6+ 54. Kxg6 Ke4 55. f5 Ke5 56. b4 b5 57. Kg5 Ke4 58. Kg4 Ke5 59. Kg5 1/2-1/2

[Event "POL-chT 2nd League Juniors 2020"]
[Site "Sypniewo"]
[Date "2020.10.27"]
[Round "6.17"]
[White "Lach, Alicja"]
[Black "Jedrzejko, Martyna"]
[Result "0-1"]
[ECO "C02"]
[WhiteElo "1161"]
[BlackElo "1618"]
[Annotator "NA RC"]
[PlyCount "38"]
[EventDate "2020.10.23"]
[EventType "team-tourn"]
[EventCountry "POL"]
[SourceTitle "playchess.com"]
[Source "ChessBase"]
[SourceQuality "1"]
[TimeControl "5400+30"]

1. e4 e6 2. d4 d5 3. e5 c5 4. c3 Nc6 5. Nf3 Qb6 6. a3 c4 7. g3 Bd7 8. Bh3 Nge7 9. O-O Nf5 10. Bxf5 exf5 11. Ne1 Na5 12. Nd2 Be7 13. Ng2 O-O-O 14. Ne3 Be6 15. Rb1 f4 16. Ng2 Bf5 17. Ra1 g5 18. Qh5 Qe6 19. h4 Bg4 0-1

[Event "POL-chT 2nd League Juniors 2020"]
[Site "Sypniewo"]
[Date "2020.10.27"]
[Round "6.18"]
[White "Wieczorek, Maja"]
[Black "Mainka, Anna"]
[Result "1-0"]
[ECO "D30"]
[WhiteElo "1141"]
[BlackElo "1280"]
[Annotator "NA RC"]
[PlyCount "131"]
[EventDate "2020.10.23"]
[EventType "team-tourn"]
[EventCountry "POL"]
[SourceTitle "playchess.com"]
[Source "ChessBase"]
[SourceQuality "1"]
[TimeControl "5400+30"]

1. d4 d5 2. c4 e6 3. cxd5 exd5 4. Nf3 Nf6 5. Nc3 c6 6. Bg5 Be7 7. e3 Bg4 8. h3 Bh5 9. Bd3 Nbd7 10. O-O O-O 11. Rb1 Ne4 12. Bf4 Bxf3 13. gxf3 Ng5 14. Bxg5 Bxg5 15. f4 Be7 16. Kh1 Nf6 17. Rg1 Qd7 18. Qf3 Rfe8 19. Qg3 Bf8 20. Rg2 g6 21. f5 Bg7 22. Rbg1 Ne4 23. Nxe4 dxe4 24. fxg6 hxg6 25. Bc4 Kf8 26. h4 c5 27. h5 cxd4 28. hxg6 fxg6 29. Qf4+ Ke7 30. Qf7+ Kd8 31. Qxd7+ Kxd7 32. Bb5+ Kc7 33. Bxe8 Rxe8 34. Rxg6 Be5 35. exd4 Rh8+ 36. Kg2 Rh2+ 37. Kf1 Bxd4 38. R6g2 Rh6 39. Rg4 Re6 40. b3 Rf6 41. R1g2 Re6 42. Ke2 Kc6 43. Rg6 Bf6 44. R2g4 Kd5 45. Rf4 Ke5 46. Ke3 Rc6 47. Rxe4+ Kf5 48. Rgg4 Rc3+ 49. Ke2 Rc2+ 50. Kf3 Rxa2 51. Rgf4+ Kg5 52. Rb4 b6 53. Rb5+ Kg6 54. Kg4 Ra1 55. Rbf5 Bd8 56. Rf8 Bc7 57. R4f6+ Kg7 58. R6f7+ Kh6 59. Rxc7 Rg1+ 60. Kf3 Rg6 61. Rh8+ Kg5 62. Rc4 Rf6+ 63. Kg3 Kg6 64. Rg4+ Kf5 65. Rf4+ Ke5 66. Re8+ 1-0